 Dungeon Crawl Stone Soup version 0.20.1-1-g8b1a95d (webtiles) character file.

149 Lanoc the Cudgeler (level 5, 0/53 HPs)
             Began as a Troll Chaos Knight on Nov 25, 2017.
             Slain by an orc wizard
             ... wielding a +0 dagger
              (6 damage)
             ... on level 3 of the Dungeon.
             The game lasted 00:06:47 (1836 turns).

Lanoc the Cudgeler (Troll Chaos Knight)             Turns: 1836, Time: 00:06:49

Health: 0/53       AC:  7    Str: 21    XL:     5   Next: 9%
Magic:  4/4        EV:  5    Int:  8    God:    Xom [..*...]
Gold:   107        SH: 12    Dex:  9    Spells: 4/4 levels left

rFire    . . .     SeeInvis .   a - +0 mace (chaos)
rCold    . . .     Gourm    +   g - +0 large shield
rNeg     . . .     Faith    .   b - +2 robe
rPois    .         Spirit   .   (helmet restricted)
rElec    .         Reflect  .   (no cloak)
rCorr    .         Harm     .   (gloves unavailable)
MR       .....                  (boots unavailable)
Stlth    ..........             (no amulet)
Regen    0.6/turn               h - ring of loudness (curse)
MPRegen  0.1/turn               (no ring)

@: no status effects
A: unfitting armour, claws 3, fast metabolism 3, gourmand, regeneration 1,
shaggy fur 1, tough skin 2
a: Renounce Religion


You were on level 3 of the Dungeon.
You worshipped Xom.
You were a toy of Xom.
You were completely stuffed.

You visited 1 branch of the dungeon, and saw 3 of its levels.

You collected 107 gold pieces.

Inventory:

Hand Weapons
 a - a +0 mace of chaos (weapon)
Armour
 b - a +2 robe (worn)
 g - a +0 large shield (worn)
Jewellery
 h - a cursed ring of loudness (left claw)
Scrolls
 d - 2 scrolls of teleportation
 l - a scroll of fear {unknown}
Potions
 j - a potion of agility
Books
 f - a book of Maledictions

   Spells                             Type                      Level
   a - Corona                         Hexes                        1
   b - Ensorcelled Hibernation        Hexes/Ice                    2
   c - Confuse                        Hexes                        3
   d - Tukima's Dance                 Hexes                        3
   e - Dazzling Spray                 Conjuration/Hexes            3
Comestibles
 c - 3 bread rations


   Skills:
 + Level 3.0 Fighting
 + Level 3.9 Maces & Flails
 + Level 2.6 Dodging
 + Level 0.4 Stealth
 + Level 1.1 Shields


You had 4 spell levels left.
You didn't know any spells.

Dungeon Overview and Level Annotations

Branches:
Dungeon (3/15)

Altars:
Ashenzari
Elyvilon
Xom


Innate Abilities, Weirdness & Mutations

You are too large for most types of armour.
You have claws for hands.
Your metabolism is lightning-fast.
You like to eat raw meat.
Your natural rate of healing is unusually fast.
You are covered in fur. (AC +1)
You have very tough skin. (AC +2)


Message History

You block the bat's attack. The bullfrog hits you.
* * * LOW HITPOINT WARNING * * *
Okay, then.
You block the bat's attack.
You block the bat's attack. x2; The bat hits you but does no damage.
The orc wizard hits you with a dagger.
* * * LOW HITPOINT WARNING * * *
You block the bat's attack. You block the bat's attack.
The orc wizard hits you but does no damage.
The orc wizard casts a spell at you. The puff of frost hits you!
* * * LOW HITPOINT WARNING * * *
You closely miss the orc wizard.
The orc wizard is moderately wounded.
The orc wizard hits you with a dagger.
* * * LOW HITPOINT WARNING * * *
The orc wizard hits you with a dagger.
You die...
Xom cackles wildly!

### ###.########
..........#
#.######.###
#oobFo@....#
#####.######.#.#
#.....# #.#.#
#...g.# #.#.#
#.....# #.#.# .
#....## #.#.# .8
#....# #.#.#
...####....#
#.#.#
...........#
#.#.#


You could see an orc warrior, a bullfrog, an orc wizard, an orc and a bat.

Vanquished Creatures
  Jessica (D:2)
  7 adders (D:2)
  2 oozes (D:2)
  3 worms
  2 dart slugs
  A leopard gecko (D:2)
  2 giant cockroaches
  3 goblins
  5 hobgoblins
  4 kobolds
  5 bats
  5 frilled lizards
  4 rats
44 creatures vanquished.

Notes
Turn   | Place    | Note
-------+----------+-------------------------------------------
     0 | D:1      | Lanoc the Troll Chaos Knight began the quest for the Orb.
     0 | D:1      | Reached XP level 1. HP: 22/22 MP: 0/0
   130 | D:1      | Reached XP level 2. HP: 24/29 MP: 1/1
   306 | D:1      | XOM: divination: detect creatures
   573 | D:2      | XOM: stealth player
   683 | D:2      | XOM: silly message
   768 | D:2      | Reached XP level 3. HP: 35/36 MP: 2/2
   795 | D:2      | Found a shimmering altar of Xom.
   795 | D:2      | Found a shattered altar of Ashenzari.
   802 | D:2      | Noticed Jessica
   810 | D:2      | Killed Jessica
   810 | D:2      | Reached XP level 4. HP: 38/44 MP: 3/3
   936 | D:2      | XOM: mild Erth miscast
  1169 | D:2      | Reached skill level 1 in Shields
  1278 | D:2      | Reached XP level 5. HP: 50/53 MP: 4/4
  1417 | D:3      | Found a white marble altar of Elyvilon.
  1570 | D:3      | XOM: mild Erth miscast
  1815 | D:3      | Noticed an orc warrior
  1836 | D:3      | Slain by an orc wizard

Skill      XL: |  1  2  3  4 |
---------------+-------------+-----
Dodging        | 2 |  2.6
Maces & Flails | 3 |  3.9
Fighting       | 3 |  3.0
Shields        | 1 |  1.1
Stealth        | |  0.4

Action                   |  1- 3 |  4- 6 || total
-------------------------+-------+-------++-------
Melee: Mace              |    60 |    79 ||   139
  Use: Scroll            |     3 |     4 ||     7
       Potion            |     2 |     3 ||     5
 Stab: Sleeping          |     1 |       ||     1
  Eat: Chunk             |     6 |    17 ||    23
Armor: Robe              |    32 |    34 ||    66
Dodge: Dodged            |    19 |    17 ||    36
Block: Large shield      |    19 |    70 ||    89
